3AAA
SCRANTON SUPERNOVAS @ ELLENBURG FIGHTING DACHSUNDS
07/31/2028
 
TOP OF THE 1ST
Scranton Supernovas batting - Pitching for Ellenburg Fighting Dachsunds : LHP Maxime Janssens
Pitching: LHP Maxime Janssens
Batting: RHB Senior Pond 0-0: Ground out 5-3 (Groundball, 56S)
Batting: RHB Kevin Malone 0-0: Called Strike
0-1: Ball
1-1: Foul Ball, location: 2F
1-2: Strikes out looking
Batting: SHB Sam Quint 0-0: Ball
1-0: Ball
2-0: Called Strike
2-1: Ball
3-1: Base on Balls
Batting: RHB Martín Álvarez 0-0: Foul Ball, location: 2F
0-1: Foul Ball, location: 2F
0-2: Ball
1-2: Ball
2-2: Reached on error, E5 (Groundball, 56)
Sam Quint to second
Batting: RHB Dong-po Tien 0-0: Ball
1-0: SINGLE (Groundball, 6MD)
Sam Quint to third
Martín Álvarez to second
Runner from 3rd tries for Home, SAFE, no throw
Batting: RHB Keith MacKey 0-0: Ball
1-0: SINGLE (Flyball, 8LS)
Martín Álvarez to third
Dong-po Tien to second
Runner from 3rd tries for Home, SAFE, no throw
Batting: RHB Pedro Rivera 0-0: Foul Ball, location: 2F
0-1: Foul Ball, location: 2F
0-2: Ball
1-2: Ball
2-2: SINGLE (Flyball, 78S)
Dong-po Tien to third
Keith MacKey to second
Runner from 3rd tries for Home, SAFE, throw made home
Batting: RHB Kent Summey 0-0: Ball
1-0: Ball
2-0: Foul Ball, location: 2F
2-1: Ball
3-1: Ground out 5-3 (Groundball, 56)
Top of the 1st over - 3 run(s), 3 hit(s), 1 error(s), 2 left on base; Scranton 3 - Ellenburg 0
BOTTOM OF THE 1ST
Ellenburg Fighting Dachsunds batting - Pitching for Scranton Supernovas : LHP Luis Ortíz
Pitching: LHP Luis Ortíz
Batting: RHB Norman Winston 0-0: Ball
1-0: Ball
2-0: Foul Ball, location: 2F
2-1: DOUBLE (Flyball, 9LM)
Batting: RHB Héctor Rivera 0-0: Ball
1-0: Ball
2-0: Ball
3-0: Called Strike
3-1: Ground out 4-3 (Groundball, 4MD)
Norman Winston to third
Batting: RHB Jack Burton 0-0: Foul Ball, location: 2F
0-1: Called Strike
0-2: Ball
1-2: SINGLE (Flyball, 89S)
Norman Winston scores
Batting: RHB Preston Hernández 0-0: Swinging Strike
0-1: Foul Ball, location: 2F
0-2: Fly out, F4 (Popup, 3D)
Batting: RHB José Vázquez 0-0: Ball
1-0: Foul Ball, location: 2F
1-1: Called Strike
1-2: Foul Ball, location: 2F
1-2: Foul Ball, location: 2F
1-2: Fielders Choice at 2nd, 5-4 (Groundball, 56)
Bottom of the 1st over - 1 run(s), 2 hit(s), 0 error(s), 0 left on base; Scranton 3 - Ellenburg 1
TOP OF THE 2ND
Scranton Supernovas batting - Pitching for Ellenburg Fighting Dachsunds : LHP Maxime Janssens
Batting: RHB Brad Jacobson 0-0: Fly out, F9 (Flyball, 9S)
Batting: RHB Senior Pond 0-0: Ball
1-0: Fly out, F7 (Line Drive, 7)
Batting: RHB Kevin Malone 0-0: Called Strike
0-1: Ball
1-1: Foul Ball, location: 2F
1-2: Ball
2-2: Reached on error, E7 (Flyball, 78M)
Batting: SHB Sam Quint 0-0: Ball
1-0: Ground out 4-3 (Groundball, 4S)
Top of the 2nd over - 0 run(s), 0 hit(s), 1 error(s), 1 left on base; Scranton 3 - Ellenburg 1
BOTTOM OF THE 2ND
Ellenburg Fighting Dachsunds batting - Pitching for Scranton Supernovas : LHP Luis Ortíz
Batting: LHB José Ortega 0-0: Ball
1-0: Called Strike
1-1: Ground out U3 (Groundball, 3)
Batting: RHB Edwin Berns 0-0: Ball
1-0: Called Strike
1-1: Ball
2-1: Ball
3-1: Single, Error in OF, E7, batter to second base
Batting: RHB Marty Jennings 0-0: Ball
1-0: Foul Ball, location: 2F
1-1: Called Strike
1-2: Ball
2-2: Ball
3-2: Base on Balls
Batting: RHB Dave Thompson 0-0: Ball
1-0: Ball
2-0: Ball
3-0: Base on Balls
Edwin Berns to third
Marty Jennings to second
Batting: RHB Norman Winston 0-0: Ball
1-0: Ball
2-0: Foul Ball, location: 2F
2-1: Called Strike
2-2: Foul Ball, location: 2F
2-2: Ball
3-2: Strikes out swinging
Batting: RHB Héctor Rivera 0-0: Swinging Strike
0-1: Ball
1-1: DOUBLE (Line Drive, 7LM)
Edwin Berns scores
Marty Jennings scores
Dave Thompson to third
Runner from 3rd tries for Home, SAFE, throw made at trailing runner, SAFE at third!
Batting: RHB Jack Burton 0-0: Ball
1-0: Ball
2-0: Swinging Strike
2-1: Ball
3-1: Base on Balls
Batting: RHB Preston Hernández 0-0: Swinging Strike
0-1: SINGLE (Groundball, 34D)
Héctor Rivera scores
Jack Burton to second
Runner from 2nd tries for 3rd, SAFE, throw made to third
Preston Hernández to second
Batting: RHB José Vázquez 0-0: Ball
1-0: Ground out 5-3 (Groundball, 56S)
Bottom of the 2nd over - 4 run(s), 3 hit(s), 1 error(s), 2 left on base; Scranton 3 - Ellenburg 5
TOP OF THE 3RD
Scranton Supernovas batting - Pitching for Ellenburg Fighting Dachsunds : LHP Maxime Janssens
Batting: RHB Martín Álvarez 0-0: Ball
1-0: Swinging Strike
1-1: Called Strike
1-2: SOLO HOME RUN (Line Drive, 7D), Distance : 429 ft
Batting: RHB Dong-po Tien 0-0: Ball
1-0: Foul Ball, location: 2F
1-1: Ball
2-1: Foul Ball, location: 2F
2-2: Ball
3-2: Fly out, F9 (Flyball, 9)
Batting: RHB Keith MacKey 0-0: Ground out 6-3 (Groundball, 6)
Batting: RHB Pedro Rivera 0-0: Ball
1-0: Foul Ball, location: 2F
1-1: Ball
2-1: Ball
3-1: Base on Balls
Batting: RHB Kent Summey 0-0: Ball
1-0: 2-RUN HOME RUN (Line Drive, 78XD), Distance : 429 ft
Batting: RHB Brad Jacobson 0-0: Hit by Pitch
Batting: RHB Senior Pond 0-0: Called Strike
0-1: Swinging Strike
0-2: Strikes out swinging
Top of the 3rd over - 3 run(s), 2 hit(s), 0 error(s), 1 left on base; Scranton 6 - Ellenburg 5
BOTTOM OF THE 3RD
Ellenburg Fighting Dachsunds batting - Pitching for Scranton Supernovas : LHP Luis Ortíz
Batting: LHB José Ortega 0-0: Ball
1-0: Swinging Strike
1-1: Ball
2-1: Foul Ball, location: 2F
2-2: Strikes out swinging
Batting: RHB Edwin Berns 0-0: Ball
1-0: Called Strike
1-1: Fly out, F8 (Flyball, 8RM)
Batting: RHB Marty Jennings 0-0: Ball
1-0: Fly out, F9 (Flyball, 89M)
Bottom of the 3rd over - 0 run(s), 0 hit(s), 0 error(s), 0 left on base; Scranton 6 - Ellenburg 5
TOP OF THE 4TH
Scranton Supernovas batting - Pitching for Ellenburg Fighting Dachsunds : LHP Maxime Janssens
Batting: RHB Kevin Malone 0-0: Called Strike
0-1: Ball
1-1: Called Strike
1-2: Ball
2-2: Foul Ball, location: 2F
2-2: Strikes out swinging
Batting: SHB Sam Quint 0-0: Ball
1-0: Called Strike
1-1: Fly out, F9 (Flyball, 9S)
Batting: RHB Martín Álvarez 0-0: Foul Ball, location: 2F
0-1: Foul Ball, location: 2F
0-2: Ball
1-2: SOLO HOME RUN (Flyball, 8RXD), Distance : 445 ft
Batting: RHB Dong-po Tien 0-0: Foul Ball, location: 2F
0-1: Ball
1-1: Swinging Strike
1-2: Ball
2-2: Strikes out looking
Top of the 4th over - 1 run(s), 1 hit(s), 0 error(s), 0 left on base; Scranton 7 - Ellenburg 5
BOTTOM OF THE 4TH
Ellenburg Fighting Dachsunds batting - Pitching for Scranton Supernovas : LHP Luis Ortíz
Batting: RHB Dave Thompson 0-0: Fly out, F6 (Line Drive, 6)
Batting: RHB Norman Winston 0-0: Ball
1-0: Swinging Strike
1-1: Called Strike
1-2: Ball
2-2: Ball
3-2: Strikes out swinging
Batting: RHB Héctor Rivera 0-0: Ball
1-0: Ground out 5-3 (Groundball, 5L)
Bottom of the 4th over - 0 run(s), 0 hit(s), 0 error(s), 0 left on base; Scranton 7 - Ellenburg 5
TOP OF THE 5TH
Scranton Supernovas batting - Pitching for Ellenburg Fighting Dachsunds : LHP Maxime Janssens
Pitching: RHP Garrett Harrington
Batting: RHB Keith MacKey 0-0: Called Strike
0-1: SINGLE (Flyball, 56D)
Batting: RHB Pedro Rivera 0-0: Called Strike
Throwing error on steal attempt, E2
Keith MacKey to third
0-1: Ball
1-1: Foul Ball, location: 2F
1-2: Ball
2-2: Ball
3-2: Base on Balls
Batting: RHB Kent Summey 0-0: Ball
1-0: Called Strike
1-1: Foul Ball, location: 2F
1-2: Ball
2-2: Ball
3-2: Foul Ball, location: 2F
3-2: Fly out, F9 (Flyball, 9)
Runner from 3rd tags up, SCORES, no throw
Batting: RHB Brad Jacobson 0-0: Ball
1-0: Called Strike
1-1: Called Strike
1-2: Foul Ball, location: 2F
1-2: Strikes out looking
Batting: RHB Senior Pond 0-0: Foul Ball, location: 2F
0-1: Ball
1-1: Called Strike
1-2: Ball
2-2: Ball
3-2: Strikes out looking
Top of the 5th over - 1 run(s), 1 hit(s), 1 error(s), 1 left on base; Scranton 8 - Ellenburg 5
BOTTOM OF THE 5TH
Ellenburg Fighting Dachsunds batting - Pitching for Scranton Supernovas : LHP Luis Ortíz
Batting: RHB Jack Burton 0-0: Ball
1-0: Swinging Strike
1-1: Foul Ball, location: 2F
1-2: Strikes out swinging
Batting: RHB Preston Hernández 0-0: Ball
1-0: Ground out 5-3 (Groundball, 25)
Batting: RHB José Vázquez 0-0: Swinging Strike
0-1: Fly out, F7 (Flyball, 78M)
Bottom of the 5th over - 0 run(s), 0 hit(s), 0 error(s), 0 left on base; Scranton 8 - Ellenburg 5
TOP OF THE 6TH
Scranton Supernovas batting - Pitching for Ellenburg Fighting Dachsunds : RHP Garrett Harrington
Batting: RHB Kevin Malone 0-0: Fly out, F7 (Flyball, 7LSF)
Batting: SHB Sam Quint 0-0: Called Strike
0-1: Ball
1-1: Ball
2-1: Fly out, F7 (Flyball, 7)
Batting: RHB Martín Álvarez 0-0: Called Strike
0-1: Ball
1-1: Called Strike
1-2: Strikes out swinging
Top of the 6th over - 0 run(s), 0 hit(s), 0 error(s), 0 left on base; Scranton 8 - Ellenburg 5
BOTTOM OF THE 6TH
Ellenburg Fighting Dachsunds batting - Pitching for Scranton Supernovas : LHP Luis Ortíz
Batting: LHB José Ortega 0-0: Ground out 6-3 (Groundball, 6M)
Batting: RHB Edwin Berns 0-0: Ball
1-0: Ball
2-0: Ball
3-0: Base on Balls
Batting: RHB Marty Jennings 0-0: Ball
1-0: Ball
2-0: Called Strike
2-1: SINGLE (Line Drive, 4M)
Edwin Berns to second
Runner from 2nd tries for 3rd, OUT!
Batting: RHB Dave Thompson 0-0: Foul Ball, location: 2F
0-1: Called Strike
0-2: Ball
1-2: Ball
2-2: Ground out 5-3 (Groundball, 5S)
Bottom of the 6th over - 0 run(s), 1 hit(s), 0 error(s), 1 left on base; Scranton 8 - Ellenburg 5
TOP OF THE 7TH
Scranton Supernovas batting - Pitching for Ellenburg Fighting Dachsunds : RHP Garrett Harrington
Batting: RHB Dong-po Tien 0-0: Ground out 6-3 (Groundball, 6)
Batting: RHB Keith MacKey 0-0: Foul Ball, location: 2F
0-1: Ball
1-1: Ball
2-1: Fly out, F7 (Flyball, 78D)
Pitching: LHP Bill Edmonds
Batting: RHB Pedro Rivera 0-0: Ball
1-0: Ground out 6-3 (Groundball, 6M)
Top of the 7th over - 0 run(s), 0 hit(s), 0 error(s), 0 left on base; Scranton 8 - Ellenburg 5
BOTTOM OF THE 7TH
Ellenburg Fighting Dachsunds batting - Pitching for Scranton Supernovas : LHP Luis Ortíz
Batting: RHB Norman Winston 0-0: Ball
1-0: Ball
2-0: Reached on error, E5 (Groundball, 5)
Batting: RHB Héctor Rivera 0-0: Ball
1-0: Fly out, F7 (Flyball, 7)
Batting: RHB Jack Burton 0-0: Ball
1-0: Called Strike
Norman Winston steals 2nd base
1-1: Foul Ball, location: 2F
1-2: Fly out, F7 (Flyball, 78M)
Batting: RHB Preston Hernández 0-0: SINGLE (Groundball, 6MS) (infield hit)
Norman Winston to third
Batting: RHB José Vázquez 0-0: Foul Ball, location: 2F
0-1: Ball
1-1: Ball
2-1: Foul Ball, location: 2F
2-2: Ball
3-2: DOUBLE (Line Drive, 9LM)
Norman Winston scores
Preston Hernández to third
Preston Hernández scores
Pitching: RHP Apollo Cepeda
Batting: LHB José Ortega 0-0: Ball
1-0: Ball
2-0: Called Strike
2-1: Ball
3-1: Base on Balls
Batting: RHB Edwin Berns 0-0: Ball
1-0: Foul Ball, location: 2F
1-1: Swinging Strike
1-2: Strikes out swinging
Bottom of the 7th over - 2 run(s), 2 hit(s), 1 error(s), 2 left on base; Scranton 8 - Ellenburg 7
TOP OF THE 8TH
Scranton Supernovas batting - Pitching for Ellenburg Fighting Dachsunds : LHP Bill Edmonds
Batting: RHB Kent Summey 0-0: Called Strike
0-1: Foul Ball, location: 2F
0-2: Strikes out looking
Batting: RHB Brad Jacobson 0-0: Swinging Strike
0-1: Ball
1-1: Foul Ball, location: 2F
1-2: Ball
2-2: Foul Ball, location: 2F
2-2: Foul Ball, location: 2F
2-2: Foul Ball, location: 2F
2-2: Foul Ball, location: 2F
2-2: SINGLE (Line Drive, 56)
Batting: RHB Senior Pond 0-0: Called Strike
0-1: Ball
1-1: Ball
2-1: Foul Ball, location: 2F
2-2: Strikes out looking
Batting: RHB Kevin Malone 0-0: Foul Ball, location: 2F
0-1: Foul Ball, location: 2F
0-2: Foul Ball, location: 2F
Pickoff Throw to First - Error! E1
Brad Jacobson to second
0-2: Ball
Passed Ball!
Brad Jacobson to third
1-2: Ball
2-2: Fly out, F6 (Line Drive, 6MD)
Top of the 8th over - 0 run(s), 1 hit(s), 1 error(s), 1 left on base; Scranton 8 - Ellenburg 7
BOTTOM OF THE 8TH
Ellenburg Fighting Dachsunds batting - Pitching for Scranton Supernovas : RHP Apollo Cepeda
Batting: RHB Marty Jennings 0-0: Called Strike
0-1: Ball
1-1: Ground out 5-3 (Groundball, 56S)
Batting: RHB Dave Thompson 0-0: SINGLE (Groundball, 56D)
Batting: RHB Norman Winston 0-0: Ball
1-0: Called Strike
1-1: Foul Ball, location: 2F
1-2: Strikes out swinging
Batting: RHB Héctor Rivera 0-0: Called Strike
0-1: Foul Ball, location: 2F
0-2: Foul Ball, location: 2F
0-2: Ball
1-2: Ball
2-2: Ball
3-2: Base on Balls
Dave Thompson to second
Batting: RHB Jack Burton 0-0: Ball
1-0: Swinging Strike
1-1: Foul Ball, location: 2F
1-2: Foul Ball, location: 2F
1-2: Fly out, F9 (Flyball, 9LM)
Bottom of the 8th over - 0 run(s), 1 hit(s), 0 error(s), 2 left on base; Scranton 8 - Ellenburg 7
TOP OF THE 9TH
Scranton Supernovas batting - Pitching for Ellenburg Fighting Dachsunds : LHP Bill Edmonds
Batting: SHB Sam Quint 0-0: Ball
1-0: Called Strike
1-1: Foul Ball, location: 2F
1-2: Ground out 4-3 (Groundball, 4MS)
Batting: RHB Martín Álvarez 0-0: Foul Ball, location: 2F
0-1: Swinging Strike
0-2: Strikes out swinging
Batting: RHB Dong-po Tien 0-0: Ground out 4-3 (Groundball, 4)
Top of the 9th over - 0 run(s), 0 hit(s), 0 error(s), 0 left on base; Scranton 8 - Ellenburg 7
BOTTOM OF THE 9TH
Ellenburg Fighting Dachsunds batting - Pitching for Scranton Supernovas : RHP Apollo Cepeda
Pitching: LHP Jeff Schneider
Now in RF: José Pacheco
Batting: RHB Preston Hernández 0-0: Ball
1-0: Called Strike
1-1: Foul Ball, location: 2F
1-2: Ground out 5-3 (Groundball, 56)
Batting: RHB José Vázquez 0-0: Ball
1-0: Ball
2-0: Swinging Strike
2-1: Foul Ball, location: 2F
2-2: Ball
3-2: Base on Balls
Pinch Hitting: RHB Gonzalo Sánchez 0-0: Called Strike
0-1: Foul Ball, location: 2F
0-2: Ground out 6-3 (Groundball, 6MD)
José Vázquez to second
Batting: RHB Edwin Berns 0-0: Called Strike
0-1: Swinging Strike
0-2: Ball
1-2: Strikes out looking
Bottom of the 9th over - 0 run(s), 0 hit(s), 0 error(s), 1 left on base; Scranton 8 - Ellenburg 7
Monday, August 21st, 2017 - OOTP Baseball 17.12 Build 75